 Dungeon Crawl Stone Soup version 0.29.0-10-g45618ea6d2 (webtiles) character file.

Game seed: 16305780970032685614

546 awesomegowd the Cudgeller (level 7, -5/60 HPs)
             Began as a Minotaur Fighter on Sept 1, 2022.
             Was an Initiate of Gozag.
             Slain by a +0 great sword of flaming (10 damage)
             ... created by the rancor of the Wu Jian Council
             ... on level 4 of the Dungeon on Sept 2, 2022.
             The game lasted 00:20:14 (3912 turns).

awesomegowd the Cudgeller (Minotaur Fighter)        Turns: 3912, Time: 00:20:14

Health: -5/60      AC: 11    Str: 23    XL:     7   Next: 6%
Magic:  6/6        EV:  8    Int:  5    God:    Gozag
Gold:   96         SH:  4    Dex:  9    Spells: 6/6 levels left

rFire   . . .      SeeInvis .   a - +0 flail
rCold   . . .      Faith    .   c - +0 buckler
rNeg    . . .      Spirit   .   v - +4 chain mail
rPois   .          Reflect  .   x - +1 hat
rElec   .          Harm     .   (no cloak)
rCorr   +          Rampage  .   (no gloves)
Will    .....                   (no boots)
Stlth   ..........              (no amulet)
HPRegen 0.20/turn               r - ring of resist corrosion
MPRegen 0.10/turn               (no ring)

@: corroded
A: horns 2, retaliatory headbutt
a: Renounce Religion, Potion Petition, Call Merchant, Bribe Branch


You were on level 4 of the Dungeon.
You worshipped Gozag.
Gozag was noncommittal.
You visited 1 branch of the dungeon, and saw 4 of its levels.

You collected 301 gold pieces.
You spent 176 gold pieces at shops.
You paid 29 gold pieces to Gozag.

Inventory:

Hand Weapons
 a - a +0 flail (weapon)
 f - a +0 hand axe
Missiles
 g - 39 stones (quivered)
 t - 2 atropa-tipped darts
Armour
 b - a +0 scale mail
 c - a +0 buckler (worn)
 v - a +4 chain mail (worn)
 x - a +1 hat (worn)
Jewellery
 r - a ring of resist corrosion (left hand)
Wands
 q - a wand of acid (9)
Scrolls
 n - a scroll of blinking
 o - a scroll of summoning
 p - a scroll of teleportation
 s - a scroll of noise
 u - a scroll of magic mapping
 w - a scroll of poison {unknown}
Potions
 d - a potion of might
 e - 2 potions of haste {unknown}
 h - 2 potions of heal wounds {unknown}
 i - a potion of cancellation {unknown}
 j - 2 potions of brilliance
 k - a potion of degeneration {unknown}
 l - 2 potions of resistance {unknown}
 m - 3 potions of curing


   Skills:
 + Level 4.7 Fighting
 + Level 6.5 Maces & Flails
 + Level 5.9 Armour
 + Level 1.1 Dodging
 + Level 0.3 Stealth
 + Level 4.6 Shields


You had 6 spell levels left.
You didn't know any spells.
Your spell library contained the following spells:

 Spells                   Type           Power      Damage    Failure   Level
 Ensorcelled Hibernation  Hex/Ice        0%         N/A       100%        2
 Passwall                 Tmut/Erth      0%         N/A       100%        2
 Swiftness                Air            0%         N/A       100%        3


Dungeon Overview and Level Annotations

Branches:
Dungeon (4/15)
 Temple: D:4-7

Altars:
Elyvilon
Gozag
Qazlal
Wu Jian
Zin

Shops:
D:1 *   D:4 [


Innate Abilities, Weirdness & Mutations

You have a pair of horns on your head.
You reflexively headbutt those who attack you in melee.


Message History

There is a stone staircase leading down here.
Found an escape hatch in the ceiling.
Found a stone staircase leading down.
There is an escape hatch in the ceiling here.
There is a stone staircase leading down here.
Found a glowing brown potion.
e - 2 glowing brown potions (gained 1)
Found a stone staircase leading up.
Sifu Xiang Ba says: Suffer, mortal!
The rancor of the Wu Jian Council corrodes you!
The divine experience drains your vigour!
You feel yourself slow down. 5 dancing weapons come into view.
There is a +0 great sword of electrocution.
There is a +0 great sword of flaming.
There is a +0 dire flail of freezing.
There is a +4 glaive of speed.
There is a +1 great sword of speed.
Unknown command.
Welcome back, awesomegowd the Minotaur Fighter.
Gozag says: Greed is good.
Press ? for a list of commands and other information.
You completely miss the +0 dire flail of freezing.
You thump the +0 dire flail of freezing!
You headbutt the +0 dire flail of freezing.
You destroy the +0 dire flail of freezing!
That felt strangely unrewarding.
The +4 glaive of speed hits you from afar!
You hit the +0 great sword of flaming but do no damage.
The +4 glaive of speed hits you from afar!
The +0 great sword of flaming hits you.
The +0 great sword of flaming burns you.
The +1 great sword of speed hits you!
You block the +0 great sword of electrocution's attack.
You hit the +0 great sword of flaming.
The +0 great sword of flaming is moderately damaged.
You feel yourself speed up.
The +4 glaive of speed hits you from afar!
* * * LOW HITPOINT WARNING * * *
The +1 great sword of speed hits you!
* * * LOW HITPOINT WARNING * * *
The +0 great sword of flaming hits you!
You die...
Your body crumbles into a pile of gold.

## #####..# #.# # #.#
#..# #.# .# ..
#.#####..# #.##.#
#.###.......# #....#
#.#.......## ..#
#.######## ..#
#.########### (.#
#...........###(.###
#############...@(...#
#...## #.###(##.###
.....## #.##..##...#
......### #..........#
........#####..♣.♣.♣.♣.#
............>...⌠...⌠..#
<........####..♣.♣.♣.♣.#
......>...........∩....#
.....##..#####.♣.♣.♣.♣.#


You could see 4 dancing weapons.

Vanquished Creatures
  Sigmund (D:3)
  A dancing weapon (D:4)
  A bullfrog (D:4)
  A hound (D:4)
  Terence (D:3)
  An iguana (D:4)
  Natasha (thrice) (D:3)
  An orc wizard (D:3)
  6 adders
  3 dart slugs
  7 orcs
  5 bats
  5 endoplasms
  4 giant cockroaches
  6 goblins
  6 hobgoblins
  5 jackals (D:3)
  3 quokkas
  4 ball pythons
  A frilled lizard (D:2)
  6 kobolds
  8 rats
  A bush (D:4)
80 creatures vanquished.

Notes
Turn   | Place    | Note
-------+----------+-------------------------------------------
     0 | D:1      | awesomegowd the Minotaur Fighter began the quest for the
                  | Orb.
     0 | D:1      | Reached XP level 1. HP: 19/19 MP: 0/0
   649 | D:1      | Reached XP level 2. HP: 27/27 MP: 1/1
  1014 | D:1      | Found Juq Loisy's General Store.
  1019 | D:1      | Bought a potion of curing for 33 gold pieces
  1497 | D:2      | Found an ornate altar of the Wu Jian Council.
  1528 | D:2      | Became a worshipper of the Wu Jian Council
  1586 | D:2      | Reached XP level 3. HP: 32/33 MP: 2/2
  1624 | D:2      | Reached skill level 3 in Maces & Flails
  2127 | D:3      | Reached XP level 4. HP: 40/40 MP: 3/3
  2129 | D:3      | Noticed Natasha
  2136 | D:3      | Killed Natasha
  2137 | D:3      | Reached skill level 4 in Maces & Flails
  2148 | D:3      | Reached * piety under Wu Jian
  2554 | D:3      | Found a stormy altar of Qazlal.
  2605 | D:3      | Noticed Sigmund
  2613 | D:3      | Killed Sigmund
  2614 | D:3      | Reached skill level 5 in Maces & Flails
  2614 | D:3      | Reached skill level 5 in Armour
  2614 | D:3      | Reached skill level 1 in Dodging
  2614 | D:3      | Reached XP level 5. HP: 33/47 MP: 4/4
  2614 | D:3      | Reached XP level 6. HP: 37/53 MP: 5/5
  2620 | D:3      | Found a glowing silver altar of Zin.
  2620 | D:3      | Found an opulent altar of Gozag.
  2620 | D:3      | Noticed Terence
  2631 | D:3      | Killed Terence
  2648 | D:3      | Fell from the grace of Wu Jian
  2648 | D:3      | Became a worshipper of Gozag Ym Sagoz the Greedy
  2919 | D:3      | Noticed Natasha
  2927 | D:3      | Killed Natasha
  2965 | D:3      | Reached skill level 6 in Maces & Flails
  3104 | D:3      | Noticed Natasha
  3115 | D:3      | Killed Natasha
  3310 | D:4      | Found a white marble altar of Elyvilon.
  3558 | D:4      | Found Seann's Armour Emporium.
  3585 | D:4      | Bought a +1 hat for 143 gold pieces
  3825 | D:4      | Reached XP level 7. HP: 60/60 MP: 6/6
  3909 | D:4      | Noticed a +0 great sword of electrocution
  3909 | D:4      | Noticed a +0 great sword of flaming
  3909 | D:4      | Noticed a +0 dire flail of freezing
  3909 | D:4      | Noticed a +4 glaive of speed
  3909 | D:4      | Noticed a +1 great sword of speed
  3910 | D:4      | Killed a +0 dire flail of freezing
  3912 | D:4      | Slain by a +0 great sword of flaming

Illustrated notes

Levels and vault maps discovered:
D:1:      co_arrival_random_square_maze, layout_basic, serial_shops,
          nicolae_shop_hallway_plus, nrook_mini_vaults, chequers_garden,
          fountainhead, minivault_19
D:2:      minmay_diamond_boxcup, layout_basic, basic_altar
D:3:      layout_basic, grunt_temple_overflow_gold_and_silver,
          general_overflow_altar, uniq_terence, uniq_natasha, uniq_sigmund
D:4:      layout_loops_ring, nicolae_elyvilon_peaceful_grove,
          minmay_misc_feat_rugged, grunt_ministairs_15, minmay_shop_grid_forest

Skill      XL: |  1  2  3  4  5  6 |
---------------+-------------------+-----
Shields        | 4 |  4.6
Armour         | 4 5 |  5.9
Maces & Flails | 3 5 6 |  6.5
Fighting       | 4 |  4.7
Dodging        | 1 |  1.1
Stealth        | |  0.3

Action                   |  1- 3 |  4- 6 |  7- 9 || total
-------------------------+-------+-------+-------++-------
Melee: Flail             |    88 |   129 |     4 ||   221
       Headbutt          |    10 |    26 |     1 ||    37
Throw: Stone             |       |     1 |       ||     1
Invok: Lunge             |     1 |     5 |       ||     6
       Whirlwind         |       |     3 |       ||     3
  Use: Scroll            |     4 |     3 |       ||     7
       Potion            |       |     1 |       ||     1
Armor: Scale mail        |    60 |    35 |       ||    95
       Chain mail        |       |     8 |       ||     8
Dodge: Dodged            |    57 |    41 |       ||    98
Block: Buckler           |    22 |    10 |     1 ||    33
